 Dungeon Crawl Stone Soup version 0.31.0-12-g77e489cdc1 (webtiles) character file.

Game seed: 13604388121806975025

2185 DildoBatman the Geomancer (level 9, -4/56 (68) HPs)
             Began as a Formicid Conjurer on Mar 3, 2024.
             Slain by an orc warrior
             ... wielding a +2 flail of draining
              (9 damage)
             ... on level 7 of the Dungeon on Mar 4, 2024.
             The game lasted 00:27:25 (6611 turns).

DildoBatman the Geomancer (Formicid Conjurer)       Turns: 6611, Time: 00:27:26

HP:   -4/56 (68)    AC:  6    Str: 12      XL:     9   Next: 59%
MP:   14/17         EV: 13    Int: 28      God:
Gold: 265           SH:  0    Dex: 15 (18) Spells: 0/19 levels left

rFire   . . .        a - +4 trident (drain)
rCold   . . .        (no shield)
rNeg    . . .        G - +2 robe
rPois   +            (helmet unavailable)
rElec   .            x - +0 cloak {rPois}
rCorr   .            p - +0 pair of gloves
SInv    +            (no boots)
Will    .....        (no amulet)
Stlth   +++          e - +6 ring of intelligence
HPRegen 0.29/turn    l - +6 ring of dexterity
MPRegen 0.15/turn

%: no passive effects
@: heavily drained
A: permanent stasis, dig shafts and tunnels, antennae 3, four strong arms
a: Dig, Shaft Self


You were on level 7 of the Dungeon.
You visited 2 branches of the dungeon, and saw 8 of its levels.

You collected 265 gold pieces.

Inventory:

Hand Weapons
 a - a +4 trident of draining (weapon)
 c - a +0 sling
 d - a +2 hammer of holy wrath
Missiles
 g - 2 throwing nets
 j - 37 stones
 k - 24 poisoned darts
 r - 13 curare-tipped darts
Armour
 p - a +0 pair of gloves (worn)
 x - a +0 cloak of poison resistance (worn)
 G - a +2 robe (worn)
Jewellery
 e - a +6 ring of intelligence (left hand)
 l - a +6 ring of dexterity (right hand)
 t - a ring of resist corrosion
 D - a ring of ice
Wands
 F - a wand of flame (38)
Scrolls
 f - a scroll of enchant weapon {unknown}
 m - a scroll of fear {unknown}
 s - a scroll of poison {unknown}
 u - a scroll of noise {unknown}
 w - a scroll of enchant armour {unknown}
 z - a scroll of identify
Potions
 b - 3 potions of magic
 h - 3 potions of brilliance
 i - a potion of invisibility {unknown}
 n - a potion of degeneration {unknown}
 o - 2 potions of heal wounds
 q - a potion of resistance
 y - a potion of enlightenment {unknown}
 A - a potion of might {unknown}
 C - a potion of lignification {unknown}
 E - 3 potions of curing {unknown}


   Skills:
 - Level 5.0 Fighting
 - Level 5.0 Armour
 - Level 3.0 Dodging
 - Level 4.0 Stealth
 * Level 5.8 Spellcasting
 - Level 4.0 Conjurations
 * Level 1.1 Necromancy
 * Level 8.6 Earth Magic


You couldn't memorise any spells.
You knew the following spells:

 Your Spells              Type           Power      Damage    Failure   Level
a - Searing Ray           Conj           60%        2d6       1%          2
b - Sandblast             Erth           100%       2d20      1%          1
c - Magic Dart            Conj           100%       1d8       1%          1
d - Vampiric Draining     Necr           14%        2d7       12%         3
e - Stone Arrow           Conj/Erth      86%        3d12      1%          3
f - Borgnjor's Vile Clut  Necr/Erth      17%        N/A       24%         5
g - Dispel Undead         Necr           14%        3d10      36%         4

Your spell library contained the following spells:

 Spells                   Type           Power      Damage    Failure   Level
 Passwall                 Erth           54%        N/A       1%          3
 Kiss of Death            Conj/Necr      88%        2d12      2%          1
 Necrotise                Necr           56%        1d6       3%          1
 Brom's Barrelling Bould  Conj/Erth      43%        2d6       4%          4
 Apportation              Tloc           16%        N/A       6%          1
 Ensorcelled Hibernation  Hex/Ice        16%        N/A       10%         2
 Jinxbite                 Hex            16%        N/A       10%         2
 Lesser Beckoning         Tloc           16%        N/A       10%         2
 Fugue of the Fallen      Necr           14%        N/A       12%         3
 Gell's Gravitas          Tloc           8%         N/A       19%         3
 Teleport Other           Tloc           8%         N/A       19%         3
 Fulminant Prism          Conj/Alch      9%         3d7       26%         4
 Iskenderun's Mystic Bla  Conj/Tloc      19%        2d6       26%         4
 Animate Dead             Necr           14%        N/A       36%         4
 Anguish                  Hex/Necr       5%         N/A       43%         4
 Martyr's Knell           Necr/Summ      11%        N/A       43%         4
 Alistair's Intoxication  Alch           5%         N/A       86%         5
 Death Channel            Necr           7%         N/A       99%         6


Dungeon Overview and Level Annotations

Branches:
Dungeon (7/15)             Temple (1/1) D:4

Altars:
Cheibriados
Dithmenos
Fedhas
Hepliaklqana
Kikubaaqudgha
Makhleb
Nemelex Xobeh
Qazlal
Sif Muna
Trog
Uskayaw
Vehumet
Wu Jian
Xom
Yredelemnul
Zin
The Shining One
Ignis

Shops:
D:2 *


Innate Abilities, Weirdness & Mutations

You cannot be hasted, slowed, berserked, paralysed or teleported.
You can dig through walls and to a lower floor.
You have a pair of large antennae on your head. (SInv)
Your four strong arms can wield two-handed weapons with a shield.


Message History

The orc warrior is heavily wounded.
The orc warrior closely misses you.
You barely miss the orc warrior.
The orc warrior is heavily wounded.
The orc warrior hits you with a +2 flail of draining!
You feel drained. The orc warrior barely misses you.
You hit the orc warrior. You drain the orc warrior.
The orc warrior is almost dead.
The orc warrior hits you with a +2 flail of draining!
You feel drained.
You barely miss the orc warrior.
The orc warrior is almost dead.
The orc warrior hits you with a +2 flail of draining.
You feel drained.
You hit the orc warrior but do no damage.
The orc warrior is almost dead.
The orc warrior hits you with a +2 flail of draining.
You feel drained. The orc warrior barely misses you.
You barely miss the orc warrior.
The orc warrior is almost dead.
The orc warrior barely misses you.
You barely miss the orc warrior.
The orc warrior is almost dead.
The orc warrior barely misses you.
You hit the orc warrior but do no damage.
The orc warrior is almost dead.
The orc warrior closely misses you.
You barely miss the orc warrior.
The orc warrior is almost dead.
The orc warrior hits you with a +2 flail of draining.
You feel drained.
The orc warrior hits you but does no damage.
You feel drained.
You closely miss the orc warrior.
The orc warrior is almost dead.
The orc warrior hits you with a +2 flail of draining!
You die...

....#...###.#
####.....##.#
##.......#^# #[.......#.#
#...[....#.#
#..#.....##.# #####
.#.##...###.# #####...###
...
##......#####.....#...#
#.#
######...oo@.##....#.#
#.########.#.##.### . #.#
#.#......# . #.#
#.####.#.# ... #.#
#####.####<#.# ...
####.####...#......#.#
...
#............#######..
...#####{.###...........#
## .....<.{.##
##..........#


You could see an orc warrior (very drained) and an orc wizard (invisible).

Vanquished Creatures
  Jeremiah (D:6)
  Menkaure (D:6)
  A black bear (D:5)
  A sky beast (D:7)
  An ogre (D:5)
  A centaur (D:6)
  2 phantoms
  2 kobold brigands
  2 bullfrogs
  4 scorpions
  A bombardier beetle (D:7)
  2 quasits (D:4)
  Crazy Yiuf (D:3)
  A hound (D:4)
  An orc priest (D:4)
  A sleepcap (D:6)
  Natasha (twice) (D:2)
  Ijyb (D:4)
  An iguana (D:5)
  4 orc wizards
  Robin (D:3)
  4 gnolls (D:6)
  4 adders
  2 shadow imps
  2 white imps
  13 ufetubi
  6 dart slugs
  4 ribbon worms
  16 orcs
  15 ball pythons
  7 bats
  13 endoplasms
  9 giant cockroaches
  10 hobgoblins
  7 jackals
  4 quokkas
  7 frilled lizards
  15 goblins
  15 kobolds
  6 rats
191 creatures vanquished.

Notes
Turn   | Place    | Note
-------+----------+-------------------------------------------
     0 | D:1      | DildoBatman the Formicid Conjurer began the quest for the
                  | Orb.
     0 | D:1      | Reached XP level 1. HP: 13/13 MP: 3/3
   138 | D:1      | Reached XP level 2. HP: 19/19 MP: 0/5
   141 | D:1      | Learned a level 2 spell: Searing Ray
   383 | D:1      | Reached XP level 3. HP: 23/25 MP: 2/6
   394 | D:1      | Found a faded altar of an unknown god.
   412 | D:1      | Reached skill level 1 in Armour
   442 | D:1      | Reached skill level 1 in Fighting
   536 | D:1      | Learned a level 3 spell: Stone Arrow
   935 | D:2      | Learned a level 1 spell: Sandblast
   976 | D:2      | Reached XP level 4. HP: 26/32 MP: 2/7
  1015 | D:2      | Noticed Natasha
  1725 | D:3      | Reached skill level 1 in Earth Magic
  1951 | D:4      | Reached XP level 5. HP: 37/37 MP: 4/9
  2130 | D:4      | Noticed a phantom
  2178 | D:4      | Killed a phantom
  2179 | D:4      | Reached skill level 2 in Earth Magic
  2179 | D:4      | Reached XP level 6. HP: 37/44 MP: 1/10
  2257 | D:4      | Found a staircase to the Ecumenical Temple.
  2266 | Temple   | Entered the Ecumenical Temple
  2280 | Temple   | Became a worshipper of Kikubaaqudgha
  2458 | D:3      | Reached skill level 3 in Earth Magic
  2709 | D:2      | Found Gogev's General Store.
  2775 | D:2      | Killed Natasha
  3173 | D:2      | Noticed Natasha
  3176 | D:2      | Killed Natasha
  3177 | D:2      | Reached XP level 7. HP: 46/51 MP: 8/12
  3197 | D:2      | Reached * piety under Kikubaaqudgha
  3197 | D:2      | Received a gift from Kikubaaqudgha
  3204 | D:2      | Learned a level 3 spell: Vampiric Draining
  3648 | D:3      | Found a runed translucent door.
  3649 | D:3      | Noticed Crazy Yiuf
  3657 | D:3      | Killed Crazy Yiuf
  3769 | D:3      | Noticed Robin
  3781 | D:3      | Killed Robin
  3960 | D:4      | Reached skill level 4 in Earth Magic
  3979 | D:4      | Noticed Ijyb
  4092 | D:4      | Killed Ijyb
  4213 | D:4      | Reached ** piety under Kikubaaqudgha
  4217 | D:4      | Reached XP level 8. HP: 58/58 MP: 11/13
  4353 | D:4      | Reached skill level 5 in Earth Magic
  4425 | D:4      | Identified the +0 ring mail of the Pink Corner {rCorr}
  4557 | D:4      | Found a glowing golden altar of the Shining One.
  4563 | D:4      | Found a glowing silver altar of Zin.
  4566 | D:4      | Found a snail-covered altar of Cheibriados.
  4609 | D:5      | Entered Level 5 of the Dungeon
  4766 | D:5      | Found a bloodstained altar of Trog.
  4986 | D:5      | Reached skill level 6 in Earth Magic
  5659 | D:6      | Found a hide-covered altar of Uskayaw.
  5714 | D:6      | Reached XP level 9. HP: 58/66 MP: 11/16
  5731 | D:6      | Noticed Menkaure
  5733 | D:6      | Killed Menkaure
  5734 | D:6      | Reached skill level 5 in Spellcasting
  5734 | D:6      | Reached skill level 7 in Earth Magic
  5777 | D:6      | Noticed Jeremiah
  5792 | D:6      | Killed Jeremiah
  5793 | D:6      | Reached skill level 5 in Fighting
  5793 | D:6      | Reached skill level 5 in Armour
  5793 | D:6      | Reached skill level 8 in Earth Magic
  5899 | D:6      | Reached *** piety under Kikubaaqudgha
  5899 | D:6      | Received a gift from Kikubaaqudgha
  5936 | D:6      | Learned a level 5 spell: Borgnjor's Vile Clutch
  5941 | D:6      | Learned a level 4 spell: Dispel Undead
  5941 | D:6      | Fell from the grace of Kikubaaqudgha
  6574 | D:7      | Reached skill level 1 in Necromancy
  6611 | D:7      | Slain by an orc warrior

Illustrated notes

Levels and vault maps discovered:
D:1:      dpeg_arrival_long_road, layout_rooms, ebering_ecumenical_altar_webs
D:2:      minmay_recursive_quarters, layout_loops_corners, serial_shops, shop,
          grunt_ministairs_15, minmay_split_cup_large, uniq_natasha
D:3:      layout_basic, uniq_robin, uniq_crazy_yiuf_cottage
D:4:      layout_gridville, minmay_overflow_temple_star_quad,
          minmay_temple_entry_gardened_gates, serial_demonic, serial_demonic_e,
          serial_demonic_a, serial_demonic_d, serial_demonic_c,
          serial_demonic_a, serial_demonic_d, uniq_ijyb
D:5:      layout_loops_ring, mainiacjoe_overflow_paths
D:6:      layout_basic, nicolae_uskayaw_suspiria, lexackson_kobold_supper,
          uniq_menkaure, uniq_jeremiah
D:7:      layout_loops_cross, elyvilon_altar_1, nicolae_nh_ransacked_shop
Temple:   pdpol_scorched_temple

Skill      XL: |  1  2  3  4  5  6  7  8  9 |
---------------+----------------------------+-----
Dodging        | 2 3 |  3.0
Armour         | 1 2 3 4 5 |  5.0
Fighting       | 1 2 3 4 5 |  5.0
Stealth        | 3 4 |  4.0
Earth Magic    | 1 2 3 4 6 8 |  8.6
Conjurations   | 4 |  4.0
Spellcasting   | 3 4 5 |  5.8
Necromancy     | 1 |  1.1

Action                     |  1- 3 |  4- 6 |  7- 9 || total
---------------------------+-------+-------+-------++-------
  Melee: Unarmed           |     2 |       |       ||     2
         Dagger            |    19 |     3 |       ||    22
         Mace              |       |       |     5 ||     5
         Trident           |       |       |    88 ||    88
         Punch             |       |       |     2 ||     2
   Fire: Sling             |    37 |    59 |    74 ||   170
   Cast: Magic Dart        |    32 |    17 |    44 ||    93
         Searing Ray       |     3 |    21 |    22 ||    46
         Sandblast         |       |       |    59 ||    59
 Invoke: Renounce Religion |       |       |     1 ||     1
Ability: Dig               |       |       |     3 ||     3
    Use: Scroll            |       |       |     6 ||     6
   Stab: Sleeping          |     1 |       |     2 ||     3
 Armour: Robe              |    14 |    22 |    65 ||   101
  Dodge: Dodged            |    17 |    34 |    63 ||   114
